Cogmind - Beta 13 @@@ ROGUE MODE // 2024.05.27 @ 00:01:04 Player: pakman Result: Self-destructed Performance ------------- Evolutions (1) 500 Regions Visited (2) 400 Robots Destroyed (4) 20 Value Destroyed (15) 15 Prototype IDs (4) 80 Alien Tech Used (0) 0 Bonus (0) 0 TOTAL SCORE: 1015 Bonus ------- None Cogmind --------- Core Integrity 167/400 Matter 265/300 Energy 100/100 System Corruption 0% Temperature Cool (0) Movement Rolling (100) Location -9/Materials Parts ------- > --- POWER (1) -------- (None) > --- PROPULSION (2) --- Compact Wheel Compact Wheel > --- UTILITY (4) ------ (None) > --- WEAPON (2) ------- (None) > --- INVENTORY (5) ---- Light Assault Rifle Improved Light Cannon Grenade Launcher Peak State ------------ > --- POWER ------------ Light Ion Engine > --- PROPULSION ------- Airjet Airjet > --- UTILITY ---------- Large Storage Unit Signal Interpreter Seismic Detector ECM Suite > --- WEAPON ----------- Light Assault Rifle Light Assault Rifle > --- INVENTORY -------- Light Ion Engine Light Ion Engine Aluminum Leg Aluminum Leg Compact Wheel Compact Wheel Light Assault Rifle Improved Light Cannon Grenade Launcher [Rating: 14] Favorites ----------- Power Light Ion Engine Engine Light Ion Engine Propulsion Compact Wheel Wheel Compact Wheel Hover Unit Airjet Utility Seismic Detector Device Seismic Detector Storage Large Storage Unit Processor Signal Interpreter Weapon Light Assault Rifle Energy Gun Small Laser Ballistic Gun Light Assault Rifle Build | -11 -10 -9 ------- Run | Yrd Mat Mat Slots Evolved 2 | . . 2 Power . | . . . Propulsion . | . . . Utility 2 | . . 2 Weapon . | . . . Parts Attached 22 | 8 3 11 Power 4 | 2 . 2 Engine 4 | 2 . 2 Core . | . . . Reactor . | . . . Propulsion 9 | 2 . 7 Treads . | . . . Leg . | . . . Wheel 4 | 2 . 2 Hover 5 | . . 5 Flight . | . . . Utility 5 | 2 1 2 Device 2 | 1 . 1 Storage 2 | 1 1 . Processor 1 | . . 1 Hackware . | . . . Protection . | . . . Artifact . | . . . Weapon 4 | 2 2 . Energy Gun 2 | 2 . . Energy Cannon . | . . . Ballistic Gun 2 | . 2 . Ballistic Cannon . | . . . Launcher . | . . . Special Weapon . | . . . Impact Weapon . | . . . Slashing Weapon . | . . . Piercing Weapon . | . . . Special Melee Weapon . | . . . Unidentified Prototypes . | . . . Parts Lost 7 | . . 7 Power 2 | . . 2 Propulsion 3 | . . 3 Utility 1 | . . 1 Weapon 1 | . . 1 Highest Loss Streak 5 | . . 5 To Critical Strikes . | . . . Average Slot Usage (%) 80 | . 98 71 Engine 9 | . 14 7 Wheel 16 | . 28 10 Hover 5 | . . 8 Device 15 | . 14 15 Storage 9 | . 14 7 Processor 4 | . . 7 Ballistic Gun 18 | . 26 14 Naked Turns 44 | . . 44 Heaviest Build 28 | 12 26 28 Greatest Support 32 | 32 32 32 Greatest Overweight (x) 3 | 3 . 3 Average Overweight (x) . | 2 . . Largest Inventory Capacity 15 | 8 15 15 Average Capacity 11 | 7 13 12 Most Carried 9 | 8 9 9 Average Carried 6 | 5 8 7 Final Capacity 15 | 8 15 5 Final Carried 9 | 7 9 3 Class Distribution -------------------- 100% | Mutant Dominant Class ---------------- Mutant | -10/Materials Mutant | -9/Materials Resources | -11 -10 -9 ----------- Run | Yrd Mat Mat Matter Collected 362 | 280 . 82 Remotely . | . . . Salvage Created 134 | 134 . . Parts 9 | 9 . . Haulers Intercepted . | . . . Recyclers Shooed . | . . . Parts Field Recycled . | . . . Retrieved Matter . | . . . Parts Self-Destructed . | . . . Prevented . | . . . Kills | -11 -10 -9 ------- Run | Yrd Mat Mat Combat Hostiles Destroyed . | . . . Classes Destroyed 3 | 3 . . Worker 2 | 2 . . Tunneler 1 | 1 . . Recycler 1 | 1 . . Best Kill Streak 4 | 4 . . Combat Bots Only . | . . . Max Kills in Single Turn 1 | 1 . . Gunslinging . | . . . Exploded . | . . . Melee . | . . . Uniques/NPCs Destroyed . | . . . Combat | -11 -10 -9 -------- Run | Yrd Mat Mat Hostile Shots Fired 86 | . 5 81 Missed 23 | . 1 22 Damage Taken 745 | . 45 700 Core 256 | . 23 233 Absorbed by Shields . | . . . Core Remaining (%) 95 | 100 90 . Volleys Fired 9 | 8 1 . Largest 2 | 2 2 . Hottest 80 | 80 40 . Shots Fired 18 | 16 2 . Gun 18 | 16 2 . Cannon . | . . . Launcher . | . . . Special . | . . . Kinetic 2 | . 2 . Thermal 16 | 16 . . Explosive . | . . . Electromagnetic . | . . . Robot Hit Streak 7 | 7 . . Robot Miss Streak 2 | 1 2 . Penetration Max . | . . . Secondary Targets . | . . . Shots Hit Robots 10 | 10 . . Core Hits 5 | 5 . . Critical Kills . | . . . Critical Parts Destroyed . | . . . Critical Strikes . | . . . Melee Attacks . | . . . Impact . | . . . Slashing . | . . . Piercing . | . . . Sneak Attacks . | . . . Combat Hostiles . | . . . Follow-up Attacks . | . . . Damage Inflicted 118 | 113 . 5 Guns 113 | 113 . . Cannons . | . . . Explosions . | . . . Melee . | . . . Ramming 5 | . . 5 Kinetic . | . . . Thermal 113 | 113 . . Explosive . | . . . Electromagnetic . | . . . Impact . | . . . Slashing . | . . . Piercing . | . . . Highest Corruption . | . . . Average Corruption . | . . . Corruption Purged . | . . . Corruption Blocked . | . . . Overload Shots . | . . . Overflow Damage . | . . . Projectiles . | . . . Explosions . | . . . Melee . | . . . Knockbacks . | . . . Impact . | . . . Kinetic . | . . . Secondary . | . . . Self-Inflicted Damage 2 | . . 2 Shots . | . . . Rammed 1 | . . 1 Targets Rammed 1 | . . 1 Kicked . | . . . Crushed . | . . . Highest Temperature 56 | 56 . 12 Average Temperature 21 | 21 . 12 Received Heat Transfer 366 | . 24 342 Siege Activations . | . . . Robots Corrupted . | . . . Combat Hostiles . | . . . Parts Fried . | . . . Impact Corruptions . | . . . Robots Melted . | . . . Combat Hostiles . | . . . Parts Melted . | . . . Heat Transferred 250 | 250 . . Parts Sabotaged . | . . . Parts Stolen . | . . . Parts Stripped . | . . . Power Chain Reactions . | . . . Alert | -11 -10 -9 ------- Run | Yrd Mat Mat Peak Influence 165 | 20 66 165 Initial 27 | . 13 27 Average 29 | 3 25 43 Maximum Alert Level . | . . . Low Security (%) 100 | 100 100 100 Level 1 . | . . . Level 2 . | . . . Level 3 . | . . . Level 4 . | . . . Level 5 . | . . . High Security . | . . . Max Security . | . . . Squads Dispatched 4 | . 1 3 Investigation 1 | . . 1 Extermination . | . . . Reinforcement 3 | . 1 2 Assault . | . . . Garrison . | . . . Intercept . | . . . Searches Triggered . | . . . Construction Impeded . | . . . Haulers Reinforced . | . . . Active Scanning Responses . | . . . Cargo Convoy Interrupts . | . . . Stealth | -11 -10 -9 --------- Run | Yrd Mat Mat Distress Signals 2 | . . 2 Communications Jammed . | . . . Distress Signals . | . . . Times Spotted 19 | . 4 15 Peak Tracking Total 8 | . 2 8 Tactical Retreats 5 | . . 5 Traps | -11 -10 -9 ------- Run | Yrd Mat Mat Traps Triggered 1 | . . 1 Indirectly . | . . . Trap Hack Attempts . | . . . Triggered . | . . . Disarmed . | . . . Reprogrammed . | . . . Reused . | . . . Traps Extracted . | . . . Installed . | . . . Triggered . | . . . Machines | -11 -10 -9 ---------- Run | Yrd Mat Mat Machines Disabled . | . . . Max in Single Turn . | . . . Machines Repaired . | . . . Machines Dismantled . | . . . Machines Sabotaged . | . . . Overloaded Fab Kills . | . . . Hacking | -11 -10 -9 --------- Run | Yrd Mat Mat Machines Accessed 8 | . 6 2 Terminals 8 | . 6 2 Fabricators . | . . . Repair Stations . | . . . Recycling Units . | . . . Scanalyzers . | . . . Garrison Access . | . . . Total Hacks 20 | . 15 5 Successful 10 | . 8 2 Failed 10 | . 7 3 Catastrophic . | . . . Database Lockouts . | . . . Manual 16 | . 12 4 Terminals 20 | . 15 5 Fabricators . | . . . Repair Stations . | . . . Recycling Units . | . . . Scanalyzers . | . . . Garrison Access . | . . . Terminal Hacks 3 | . 3 . Prototype ID Bank 2 | . 2 . Zone Layout 1 | . 1 . Fabricator Hacks . | . . . Repair Station Hacks . | . . . Recycling Unit Hacks . | . . . Scanalyzer . | . . . Garrison Access Hacks . | . . . Unauthorized Hacks 7 | . 5 2 Terminals 7 | . 5 2 Assimilate 1 | . 1 . Botnet 6 | . 4 2 Fabricators . | . . . Repair Stations . | . . . Recycling Units . | . . . Scanalyzers . | . . . Garrison Access . | . . . Data Cores Recovered . | . . . Used . | . . . Hacking Detections 5 | . 3 2 Full Trace Events . | . . . Feedback Events . | . . . Feedback Blocked . | . . . Robot Schematics Acquired . | . . . Robots Built . | . . . Authchips . | . . . Time . | . . . Total Robot Build Rating . | . . . Part Schematics Acquired . | . . . Parts Built . | . . . Authchips . | . . . Time . | . . . Total Part Build Rating . | . . . Parts Repaired . | . . . Time . | . . . Parts Recycled . | . . . Recycled Matter . | . . . Retrieved Matter . | . . . Retrieved Components . | . . . Parts Scanalyzed . | . . . Part Schematics Acquired . | . . . Parts Damaged . | . . . Bothacking | -11 -10 -9 ------------ Run | Yrd Mat Mat Used RIF Installer . | . . . Robots Hacked . | . . . Non-combat . | . . . Combat . | . . . Robot Hacks Applied . | . . . Relay Couplers Released . | . . . Fabnet Peak Effective % . | . . . Robots Rewired . | . . . Allies Hacked . | . . . Hacks Repelled . | . . . Allies | -11 -10 -9 -------- Run | Yrd Mat Mat Total Allies . | . . . Largest Group . | . . . Highest-Rated Group . | . . . Highest-Rated Ally . | . . . Total Orders . | . . . Ally Attacks . | . . . Total Damage . | . . . Kills . | . . . Allies Corrupted . | . . . Allies Melted . | . . . Intel | -11 -10 -9 ------- Run | Yrd Mat Mat Robot Analysis Total . | . . . Derelict Logs Recovered . | . . . Drone Launches . | . . . Drone Recoveries . | . . . Exploration | -11 -10 -9 ------------- Run | Yrd Mat Mat Turns Passed 703 | 170 188 345 Spaces Moved 571 | 76 172 323 Core 146 | 57 . 89 Treads . | . . . Legs . | . . . Wheels 323 | 19 172 132 Hover 102 | . . 102 Flight . | . . . Fastest Speed 50 | 50 100 50 Average Speed 104 | 162 100 92 Slowest Speed 240 | 200 100 240 Overloaded Moves . | . . . Propulsion Burnouts . | . . . Robots Hopped . | . . . Cave-ins Triggered . | . . . Exploration Rate (%) 20 | 5 35 21 Regions Visited 2 Branch Regions . Pre-discovered Areas . | . . . Known Exits Taken . | . . . Unknown Exits Taken 2 | 1 1 . Scrap Searched . | . . . Spaces Dug . | . . . Terrain Destroyed . | . . . Melee . | . . . Projectile . | . . . AOE . | . . . Terrain Rammed . | . . . Walls Destroyed . | . . . Machines Disabled . | . . . Actions | -11 -10 -9 --------- Run | Yrd Mat Mat Total 660 | 104 188 368 Wait 29 | . 5 24 Move 569 | 75 171 323 Hop . | . . . Pick Up 19 | 11 3 5 Fast Attach 8 | 5 2 1 Attach 9 | 2 . 7 Detach 1 | . 1 . Swap 5 | 1 1 3 Drop 10 | 2 4 4 Fire 9 | 8 1 . Melee . | . . . Ram 1 | . . 1 Kick . | . . . Crush . | . . . Escape Stasis . | . . . Rewire . | . . . Trap . | . . . Miscellaneous . | . . . Route ------- -11/Scrapyard -10/Materials -9/Materials History --------- Turn | Location | Event 8 | -11/Scrapyard | Discovered new exit (range 16) 171 | -11/Scrapyard | Entered Materials 303 | -10/Materials | Discovered new exit (range 11) 309 | -10/Materials | Build established: Mutant 359 | -10/Materials | Entered another Materials area 359 | -9/Materials | Evolved 2 slots: Utility x2 609 | -9/Materials | Released all parts (6) 640 | -9/Materials | Lost 5 parts (1p3n1u) 699 | -9/Materials | Core integrity fell below 50% 704 | -9/Materials | Self-destructed Last Messages --------------- 00559_ ALERT: Hostiles spotted, dispatching reinforcements to Terminal M010. 00559_ O-16 Technician locks terminal. 00569_ Acquired 72 matter. 00571_ Acquired 10 matter. 00579_ Slammed into G-34 Mercenary. 00587_ U-05 Engineer builds a Door. 00596_ Airjet destroyed. 00601_ Seismic Detector destroyed. 00601_ Critical hit (Burn: +37). 00604_ Airjet destroyed. 00606_ Lgt. Ion Engine destroyed. 00609_ Airjet destroyed. 00609_ Released ECM Suite. 00609_ Released Lgt. Assault Rifle. 00609_ Released Lrg. Storage Unit. 00609_ Released Signal Interpreter. 00609_ Released Lgt. Ion Engine. 00609_ Released Airjet. 00616_ K-01 Serf collects debris. Map ----- +----------------------------------------------------+ | | | | | | | | | | | | | | | | | | | | | | | | | | | ???????????????????????????????????????######## | | ?????????????????????????????????####### T # | | ??????????????#??????????????????#[ # # | | ????????###### ??????????????##### # # | | ????????# ??????????????# / !# | | ????????# ?????????????# ### # # | | ????????# ????????####### #?# # """ # | | ????????# ????????# ### # """ # | | ?????????? #???????# g###### # """ # | | ??????????? ????????# #????# !!!!# # | | ???????????## ########## #????# !!!!# """ # | | ?########### T #????######## """ # | | ?# # @ #???????????# """ # | | ## # """"" #???????????# # | | # + """"" #???????????######## | | # # """"" m#??????????????????? | | # # """"" #??????????????????? | | ########### """"" #??????????????????? | | """"" #??????????????????? | | """"" k??????????????????? | | #??????????????????? | | #??????????????????? | | """"" ####### #??????????????????? | | """"" #?????? #??????????????????? | | """"" #??????? g#??????????????????? | | [ #??????? #??????????????????? | | [ #??????? ??????????????????? | | [ """"" #??????? ???????????????????? | | """"" #?????????????????????????????? | | """"" #?????????????????????????????? | | +?????????????????????????????? | | #?????????????????????????????? | | """"" """"" #?????????????????????????????? | | """"" """"" #?????????????????????????????? | | """"" """"" #?????????????????????????????? | | #?????????????????????????????? | | ###???????????????????????????? | +----------------------------------------------------+ Best States ------------- Heat Dissipation 28 Energy Generation 10 Energy Capacity 250 Matter Stores 300 Matter Capacity 300 Sight Range 16 Terrain Scan Density 10 ECM Strength 1 Evasion (%) 50 Item Schematics ----------------- None Robot Schematics ------------------ None Fabricated ------------ Nothing Alien Tech Used ----------------- None Achievements -------------- None Challenges ------------ None Game ------ Seed NuclearCouplerInterrupter Manual? 0 Play Time 00:16:59 Cumulative 21.7 hours Start 2024.05.26 @ 23:44:57 End 2024.05.27 @ 00:01:04 Sessions 1 Manual Loads 0 Difficulty Rogue Special Mode None Game No. 29 Rogue 29 Adventurer 0 Explorer 0 Win Type - Total 0 Types 0/0/0/0/0/0/0/0/0 Lore% 10 Gallery% 20 Achievement% 19 Wizard Run 0 Options --------- Layout 1 ASCII 0 Keyboard 1 Movement Numpad Keybinds 0 Fullscreen 2 Font 24/Crisp Map View 50x35 Zoom Use 0% Tactical HUD 1 Map Filters NONE Filters NONE Steam 1 RUN: 652177c3-964d-4fcc-adba-dc1279ce4351